 Dungeon Crawl Stone Soup version 0.27.0 (webtiles) character file.

Game seed: 516348021383216714

6 infcreate the Covered (level 1, 13/14 HPs)
             Began as a Gargoyle Fighter on July 30, 2021.
             Quit the game on level 1 of the Dungeon.
             The game lasted 00:01:15 (181 turns).

infcreate the Covered (Gargoyle Fighter)             Turns: 181, Time: 00:01:16

Health: 13/14      AC:  9    Str: 19    XL:     1   Next: 90%
Magic:  1/1        EV:  7    Int:  8    God:
Gold:   7          SH:  9    Dex:  9    Spells: 0/0 levels left

rFire    . . .     SeeInvis .   a - +0 flail
rCold    . . .     Faith    .   c - +0 kite shield
rNeg     + . .     Spirit   .   b - +0 scale mail
rPois    ∞         Reflect  .   (no helmet)
rElec    +         Harm     .   (no cloak)
rCorr    .         Rampage  .   (no gloves)
Will     .....                  (no boots)
Stlth    ..........             (no amulet)
HPRegen  0.04/turn              (no ring)
MPRegen  0.07/turn              (no ring)

@: no status effects
A: sickness immunity, AC +2, negative energy resistance 1, electricity
resistance, torment resistance 1, petrification resistance
a: no special abilities


You were on level 1 of the Dungeon.
You visited 1 branch of the dungeon, and saw 1 of its levels.

You collected 7 gold pieces.


Innate Abilities, Weirdness & Mutations

You are immune to sickness and miasma.
Your stone body is resilient. (AC +2)
You are immune to poison.
You resist negative energy. (rN+)
You are resistant to electric shocks. (rElec)
You are resistant to unholy torment.
You are immune to petrification.


   Skills:
 + Level 3.4 Fighting
 + Level 2.1 Maces & Flails
 + Level 3.4 Armour
 + Level 3.4 Shields


You couldn't memorise any spells.
You didn't know any spells.
Your spell library was empty.

Inventory:

Hand Weapons
 a - a +0 flail (weapon)
Armour
 b - a +0 scale mail (worn)
 c - a +0 kite shield (worn)
Scrolls
 e - a scroll of immolation {unknown}
Potions
 d - a potion of might

Dungeon Overview and Level Annotations

Branches:
Dungeon (1/15)

Altars:

..
##..
>...
...
..#
###..#
#.B..#
#@#
#.#
#.#
#.#
#.#
####
#.# #
...
#.#
###.#
#.#
...#
#.#


You could see a giant cockroach.


Message History

The goblin hits you but does no damage.
You closely miss the goblin. You block the goblin's attack.
You thump the goblin!
You kill the goblin!
Things that are here:
a +2 dagger of venom; a goblin corpse You start resting.
HP restored.
Found a stone staircase leading down.
There is a stone staircase leading down here.
Found a scroll labelled SADUBBU ERIOSH.
e - a scroll labelled SADUBBU ERIOSH A giant cockroach comes into view.
Found an escape hatch in the floor.
You hit the giant cockroach.
The giant cockroach is heavily wounded.
The giant cockroach bites you but does no damage.
You block the giant cockroach's attack.
You completely miss the giant cockroach.
The giant cockroach is heavily wounded.
The giant cockroach bites you but does no damage. x2
You barely miss the giant cockroach.
The giant cockroach is heavily wounded.
The giant cockroach bites you but does no damage.
You block the giant cockroach's attack.
You hit the giant cockroach.
The giant cockroach is severely wounded.
The giant cockroach bites you but does no damage.
The giant cockroach bites you.
Are you sure you want to abandon this character and quit the game? (Confirm with "yes".)

Action                   || total
-------------------------++-------
Melee: Flail             ||    33
Armor: Scale mail        ||    18
Dodge: Dodged            ||     3
Block: Kite shield       ||    20

Levels and vault maps discovered:
D:1:      dpeg_arrival_tiny_g, layout_loops_ring, minmay_bisected

Notes
Turn   | Place    | Note
-------+----------+-------------------------------------------
     0 | D:1      | infcreate the Gargoyle Fighter began the quest for the Orb.
     0 | D:1      | Reached XP level 1. HP: 14/14 MP: 1/1
   181 | D:1      | Quit the game

Vanquished Creatures
  2 goblins (D:1)
  A hobgoblin (D:1)
  3 frilled lizards (D:1)
6 creatures vanquished.

Table legend: (Time is in decaauts)
 A = Elapsed time spent in this place.
 B = Non-inter-level travel time spent in this place.
 C = Inter-level travel time spent in this place.
 D = Time resting spent in this place.
 E = Time spent auto-exploring this place.
 F = Levels seen in this place.
 G = Mean time per level.
                   A        B        C        D        E       F      G
               +--------+--------+--------+--------+--------+-----+--------+
         Total |    198 |    157 |     41 |     46 |      0 |   1 |  198.0 |
       Dungeon |    198 |    157 |     41 |     46 |      0 |   1 |  198.0 |
               +--------+--------+--------+--------+--------+-----+--------+

Top non-repeatable levels by time:
     D:1: 198 daAuts

Table legend:
 A = Non-vault XP
 B = Vault XP
 C = Vault XP percentage of total XP
 D = Non-vault monster count
 E = Vault monster count
 F = Vault count percentage of total count
                 A         B        C        D         E       F
            +---------+---------+-------+---------+---------+-------
      Total |       9 |       0 |   0.0 |       6 |       0 |   0.0
            +---------+---------+-------+---------+---------+-------
        D:1 |       9 |       0 |   0.0 |       6 |       0 |   0.0
            +---------+---------+-------+---------+---------+-------
